 Dungeon Crawl Stone Soup version 0.27-a0-780-geb8d7bc690 (webtiles) character file.

Game seed: 15601900276880147220

65 Essalna the Magician (level 4, -2/31 HPs)
             Began as a Djinni Venom Mage on Mar 26, 2021.
             Killed from afar by a dart slug (5 damage)
             ... with a slug dart
             ... on level 3 of the Dungeon.
             The game lasted 00:03:49 (2968 turns).

Essalna the Magician (Djinni Venom Mage)            Turns: 2968, Time: 00:03:49

Health: -2/31      AC:  2    Str:  7    XL:     4   Next: 14%
Gold:   23         EV: 13    Int: 18    God:
                   SH:  0    Dex: 13

rFire    + + .     SeeInvis .   i - +2 dagger (holy)
rCold    x . .     Faith    .   (no shield)
rNeg     . . .     Spirit   .   a - +0 robe
rPois    ∞         Reflect  .   (no helmet)
rElec    .         Harm     .   (no cloak)
rCorr    .         Rampage  .   (no gloves)
Will     .....                  (boots unavailable)
Stlth    ++........             (no amulet)
HPRegen  0.10/turn              (no ring)
MPRegen  0.00/turn              (no ring)

@: flying
A: fire resistance 2, cold vulnerability 1, float, innate caster, hp casting,
extra vitality 1
a: no special abilities


You were on level 3 of the Dungeon.
You visited 1 branch of the dungeon, and saw 3 of its levels.

You collected 23 gold pieces.

Inventory:

Hand Weapons
 f - a +0 trident
 i - a +2 dagger of holy wrath (weapon)
Armour
 a - a +0 robe (worn)
 b - a scarf of harm
Scrolls
 c - a scroll of blinking {unknown}
 d - a scroll of fog {unknown}
 e - 2 scrolls of identify {unknown}
 h - a scroll of amnesia {unknown}
 j - 2 scrolls of silence {unknown}
 k - 2 scrolls of teleportation {unknown}
Potions
 g - a potion of flight {unknown}
 l - a potion of curing {unknown}


   Skills:
 + Level 0.7 Fighting
 + Level 3.2 Dodging
 - Level 2.2 Stealth
 + Level 3.2 Spellcasting


You couldn't memorise any spells.
You knew the following spells:

 Your Spells              Type           Power      Damage    Failure   Level
a - Sting                 Tmut/Pois      56%        1d5       4%          1
b - Poisonous Vapours     Pois/Air       28%        N/A       6%          2
c - Mephitic Cloud        Conj/Pois/Air  14%        N/A       12%         3
d - Ignite Poison         Fire/Tmut/Pois 14%        N/A       12%         3
e - Olgreb's Toxic Radia  Pois           14%        N/A       38%         4
f - Pain                  Necr           56%        1d6       4%          1
Your spell library was empty.

Dungeon Overview and Level Annotations

Branches:
Dungeon (3/15)

Altars:


Innate Abilities, Weirdness & Mutations

You are immune to poison.
Your flesh is very heat resistant. (rF++)
You are vulnerable to cold. (rC-)
You float through the air rather than walking.
You learn spells naturally, not from books.
Your magical power is your life essence.
You have superior vitality. (+4 HP)


Message History

Confirm with . or Enter, or press ? or * to list all spells.
Aiming: Sting (safe; 4% risk of failure)
Press: ? - help, Shift-Dir - straight line, f - endoplasm
Aim: an endoplasm (2% to evade)
The sting hits the endoplasm but does no damage.
The endoplasm is poisoned.
A dart slug comes into view.
The endoplasm barely misses you.
Casting: Sting (safe; 4% risk of failure)
Confirm with . or Enter, or press ? or * to list all spells.
Aiming: Sting (safe; 4% risk of failure)
Press: ? - help, Shift-Dir - straight line, f/p - endoplasm
Aim: an endoplasm (moderately wounded, poisoned, 2% to evade)
The sting hits the endoplasm.
The endoplasm looks even sicker.
The endoplasm is heavily wounded.
The endoplasm freezes you.
You are frozen.
* * * LOW HITPOINT WARNING * * *
Casting: Sting (safe; 4% risk of failure)
Confirm with . or Enter, or press ? or * to list all spells.
Aiming: Sting (safe; 4% risk of failure)
Press: ? - help, Shift-Dir - straight line, f/p - endoplasm
Aim: an endoplasm (heavily wounded, very poisoned, 2% to evade)
The sting hits the endoplasm.
The endoplasm partially resists.
You kill the endoplasm!
* * * LOW HITPOINT WARNING * * *
Casting: Sting (safe; 4% risk of failure)
Confirm with . or Enter, or press ? or * to list all spells.
You can't see any susceptible monsters within range! (Use Z to cast anyway.) Unknown command.
Casting: Sting (safe; 4% risk of failure)
Confirm with . or Enter, or press ? or * to list all spells.
You don't know that spell.
You can't go up here!
Unknown command.
Unknown command.
There is a stone staircase leading up here.
The dart slug launches a dart at you. The slug dart hits you.
You die...

### # #.. .. #.# .#.
######### #.# J...
##.......# ###)##..w..
.#.#####.# #.@......##
.#....##.######.#........
.#..#.............##....^
....###..#####..#.# #.##
.#.####..# #.†......# ..
.#.......# #.....#### o
.######.## #)....#
##.......# #.....#
#.......# #....<#


You could see a dart slug.

Vanquished Creatures
  An adder (D:2)
  A worm (D:2)
  3 dart slugs
  An orc (D:3)
  4 endoplasms
  6 goblins
  6 hobgoblins
  A quokka (D:1)
  6 ball pythons
  6 bats
  3 kobolds (D:2)
  7 rats
45 creatures vanquished.

Notes
Turn   | Place    | Note
-------+----------+-------------------------------------------
     0 | D:1      | Essalna the Djinni Venom Mage began the quest for the Orb.
     0 | D:1      | Reached XP level 1. HP: 15/15 MP: 0/0
   397 | D:1      | Reached XP level 2. HP: 17/21 MP: 0/0
  1259 | D:2      | Reached XP level 3. HP: 23/25 MP: 0/0
  1259 | D:2      | Learned a level 1 spell: Pain
  1750 | D:2      | Found a faded altar of an unknown god.
  2534 | D:2      | Reached XP level 4. HP: 27/31 MP: 0/0
  2968 | D:3      | Killed from afar by a dart slug

Illustrated notes

Levels and vault maps discovered:
D:1:      minmay_arrival_cross, layout_basic
D:2:      layout_basic, chequers_ecumenical_altar_simple_redux,
          hangedman_abyss_or_decor_lesser_grid, grunt_ministairs_13,
          kennysheep_minor_cross
D:3:      layout_loops_cross

Skill      XL: |  1  2  3 |
---------------+----------+-----
Stealth        | 2 |  2.2
Spellcasting   | 3 |  3.2
Dodging        | 3 |  3.2
Fighting       | |  0.7

Action                   |  1- 3 |  4- 6 || total
-------------------------+-------+-------++-------
Melee: Unarmed           |     5 |       ||     5
       Trident           |     1 |       ||     1
       Dagger            |     7 |       ||     7
 Cast: Sting             |    88 |    18 ||   106
 Stab: Sleeping          |     1 |       ||     1
Armor: Robe              |     7 |     3 ||    10
Dodge: Dodged            |    42 |     5 ||    47

Table legend: (Time is in decaauts)
 A = Elapsed time spent in this place.
 B = Non-inter-level travel time spent in this place.
 C = Inter-level travel time spent in this place.
 D = Time resting spent in this place.
 E = Time spent auto-exploring this place.
 F = Levels seen in this place.
 G = Mean time per level.
                   A        B        C        D        E       F      G
               +--------+--------+--------+--------+--------+-----+--------+
         Total |   2967 |   2921 |     46 |      0 |   2613 |   3 |  989.0 |
       Dungeon |   2967 |   2921 |     46 |      0 |   2613 |   3 |  989.0 |
               +--------+--------+--------+--------+--------+-----+--------+

Top non-repeatable levels by time:
     D:2: 1693 daAuts
     D:1: 1167 daAuts
     D:3: 106 daAuts
